AoeStats
← Brown Sugar

Golden Pit

508334931Analyzed
1v1 RM · 9d ago on Sep 22, 2026· 23m 41s· 2 players
Game mode
Random Map
Map size
Tiny (2 player)
Population
200
Speed
Normal
Resources
Standard
Victory
Conquest
Starting age
Dark Age
Ending age
Imperial Age
RankedLock teamsTeams togetherTeam positionsShared explorationLock speedFull tech treeHidden civsTurbo modeCheats
Victory
Defeat
🇺🇸 Turks · United States
892
+17
🇧🇷 Spanish · Brazil
922
-17
Brown Sugar
7:25 Loom
9:42 Feudal Age
14:26 Castle Age
16:10 Double-Bit Axe
marcioalffa
1:09 Loom
11:50 Feudal Age
12:52 Double-Bit Axe
12:48 Horse Collar
18:08 Padded Archer Armor
21:11 Fletching
Connection lost

Rejoining the realm…

Still unreachable

The connection could not be restored.

Session expired

The server has moved on; the page needs a fresh start.